 Dungeon Crawl Stone Soup version 0.25.0-9-g26727b657a (webtiles) character file.

Game seed: 7725415086881930354

915 MisterFreud the Cudgeler (level 8, -3/49 HPs)
             Began as a Gargoyle Monk on June 18, 2020.
             Was a Priest of Okawaru.
             Slain by a two-headed ogre
             ... wielding a +0 giant spiked club
              (7 damage)
             ... on level 5 of the Dungeon.
             The game lasted 00:06:50 (3927 turns).

MisterFreud the Cudgeler (Gargoyle Monk)            Turns: 3927, Time: 00:06:52

Health: -3/49      AC: 19    Str: 16    XL:     8   Next: 9%
Magic:  8/8        EV: 10    Int: 12    God:    Okawaru [***...]
Gold:   203        SH:  0    Dex: 12    Spells: 7/7 levels left

rFire    . . .     SeeInvis .   y - +4 dire flail (venom)
rCold    . . .     Gourm    .   (shield currently unavailable)
rNeg     + . .     Faith    .   p - +0 plate armour
rPois    ∞         Spirit   .   (no helmet)
rElec    +         Reflect  .   k - +0 cloak
rCorr    .         Harm     .   (no gloves)
MR       .....                  (no boots)
Stlth    ..........             h - amulet of regeneration
HPRegen  0.56/turn              l - +4 ring of evasion
MPRegen  0.11/turn              (no ring)

@: no status effects
A: negative energy resistance 1, electricity resistance, unbreathing,
petrification resistance, rot immunity, AC +5
a: Heroism, Renounce Religion


You were on level 5 of the Dungeon.
You worshipped Okawaru.
Okawaru was most pleased with you.
You were not hungry.

You visited 1 branch of the dungeon, and saw 5 of its levels.
You also visited: Sewer.

You collected 203 gold pieces.

Inventory:

Hand Weapons
 m - a +2 mace of holy wrath
 y - a +4 dire flail of venom (weapon)
Missiles
 f - 11 poisoned darts (quivered)
Armour
 e - a +0 ring mail
 k - a +0 cloak (worn)
 p - a +0 plate armour (worn)
Jewellery
 h - an amulet of regeneration (around neck)
 l - a +4 ring of evasion (left hand)
 o - an uncursed ring of fire
Wands
 w - a wand of acid (6)
Scrolls
 a - a scroll of fog {unknown}
 b - 6 scrolls of identify {unknown}
 d - a scroll of remove curse {unknown}
 g - 4 scrolls of teleportation {unknown}
 j - a scroll of blinking {unknown}
 n - 2 scrolls of magic mapping {unknown}
 s - a scroll of immolation {unknown}
Potions
 i - 2 potions of resistance {unknown}
 q - 7 potions of curing {unknown}
 r - 2 potions of heal wounds {unknown}
 t - a potion of haste {unknown}
 u - a potion of flight {unknown}
 v - 3 potions of stabbing {unknown}
 x - 2 potions of brilliance {unknown}
 z - a potion of might {unknown}
 B - a potion of ambrosia {unknown}
Comestibles
 c - 9 rations
 A - 6 chunks of flesh


   Skills:
 - Level 5.0 Fighting
 + Level 6.0 Maces & Flails
 - Level 5.0 Armour
 + Level 4.3 Dodging
 - Level 2.1 Stealth


You had 7 spell levels left.
You didn't know any spells.
Your spell library was empty.

Dungeon Overview and Level Annotations

Branches:
Dungeon (5/15)              Sewer (visited)
 Temple: D:4-7

Altars:
Ashenzari
Cheibriados
Elyvilon
Gozag
Makhleb
Okawaru
Qazlal
Sif Muna
Zin

Shops:
D:5 :

Annotations:
D:3 1 runed translucent door, Gwenloh's ghost, weakling DgTm


Innate Abilities, Weirdness & Mutations

You are resistant to torment.
Your stone body is resilient. (AC +5)
You are immune to poison.
You resist negative energy. (rN+)
You are resistant to electric shocks. (rElec)
You can survive without breathing.
You are immune to petrification.
You are immune to rotting.


Message History

You barely miss the two-headed ogre. You bludgeon the two-headed ogre!!
The two-headed ogre looks as sick as possible!
The two-headed ogre is moderately wounded.
The two-headed ogre misses you. The two-headed ogre closely misses you.
The leopard gecko bites you.
You impale the two-headed ogre!!
The two-headed ogre is severely wounded.
The leopard gecko barely misses you.
The two-headed ogre hits you with a +0 giant spiked club!!
The two-headed ogre misses you.
A gnoll comes into view. It is wielding a +0 spear.
The gnoll shouts!
You sock the two-headed ogre!
The two-headed ogre is almost dead.
The leopard gecko closely misses you.
The two-headed ogre hits you with a +0 giant spiked club!!
* * * LOW HITPOINT WARNING * * *
The two-headed ogre hits you with a +0 giant club!
You die...

...###g ....... .##.
....... ..#..
........##.... #.....
....# ### ##....
...###...# ..##.
#...ZO##....#.#.##....
.#.##.l@..............
.....................##
#........#............##
#......#...#.........##.
...#..###..#.#.#.....#..
## #.# #....#.##.......
#. #.....#....##... #.
#.....#.........
###....#........#


You could see a two-headed ogre (extremely poisoned), a gnoll, a hound zombie
and a leopard gecko.

Vanquished Creatures
  Edmund (D:5)
  5 big kobolds (Sewer)
  A scorpion (D:4)
  4 crimson imps
  An orc wizard (D:4)
  A centaur skeleton (D:4)
  Ijyb (D:4)
  2 iguanas
  A worker ant zombie (D:5)
  2 adders
  2 oozes
  A worm (D:3)
  A dart slug (D:1)
  3 leopard geckos
  3 orcs (D:4)
  12 bats
  6 giant cockroaches
  4 goblins
  5 hobgoblins
  2 jackals (D:5)
  16 kobolds
  A quokka (D:5)
  3 ball pythons
  9 frilled lizards
  10 rats
97 creatures vanquished.

Notes
Turn   | Place    | Note
-------+----------+-------------------------------------------
     0 | D:1      | MisterFreud the Gargoyle Monk began the quest for the Orb.
     0 | D:1      | Reached XP level 1. HP: 14/14 MP: 1/1
   355 | D:1      | Reached XP level 2. HP: 20/20 MP: 2/2
   587 | D:1      | Reached XP level 3. HP: 24/24 MP: 3/3
  1349 | D:2      | Reached skill level 5 in Fighting
  1349 | D:2      | Reached XP level 4. HP: 6/31 MP: 4/4
  1681 | D:2      | Found a glowing silver altar of Zin.
  1686 | D:2      | Found a snail-covered altar of Cheibriados.
  1686 | D:2      | Found a shattered altar of Ashenzari.
  1688 | D:2      | Found an opulent altar of Gozag.
  1691 | D:2      | Found a stormy altar of Qazlal.
  1866 | D:3      | Found a runed translucent door.
  1869 | D:3      | Noticed Gwenloh's ghost (weakling DgTm)
  1920 | D:3      | Reached skill level 4 in Maces & Flails
  2016 | D:3      | Found a white marble altar of Elyvilon.
  2085 | D:3      | Reached XP level 5. HP: 35/35 MP: 5/5
  2142 | D:3      | Found a shimmering blue altar of Sif Muna.
  2228 | D:3      | Found an iron altar of Okawaru.
  2253 | D:3      | Became a worshipper of Warmaster Okawaru
  2253 | D:3      | Reached * piety under Okawaru
  2253 | D:3      | Reached ** piety under Okawaru
  2687 | D:4      | Noticed Ijyb
  2716 | D:3      | Reached skill level 5 in Maces & Flails
  2736 | D:4      | Killed Ijyb
  2779 | D:4      | Reached XP level 6. HP: 40/40 MP: 6/6
  2794 | D:4      | Found a glowing drain.
  2803 | Sewer    | Entered a sewer
  2845 | Sewer    | Reached skill level 6 in Maces & Flails
  2845 | Sewer    | Reached skill level 1 in Armour
  3017 | Sewer    | Reached XP level 7. HP: 41/44 MP: 7/7
  3056 | Sewer    | Reached *** piety under Okawaru
  3369 | D:4      | Reached skill level 5 in Armour
  3598 | D:4      | Found a burning altar of Makhleb.
  3661 | D:5      | Entered Level 5 of the Dungeon
  3666 | D:5      | Found Ittahy's Book Emporium.
  3839 | D:5      | Noticed Edmund
  3874 | D:5      | Killed Edmund
  3874 | D:5      | Reached XP level 8. HP: 49/49 MP: 6/8
  3917 | D:5      | Noticed a two-headed ogre
  3927 | D:5      | Slain by a two-headed ogre

Illustrated notes

Levels and vault maps discovered:
D:1:      lightli_arrival_statuegarden, layout_basic
D:2:      layout_basic, minitemple, first_ration
D:3:      layout_loops_ring, elyvilon_altar_1, okawaru_metal_pillars_1_2,
          hellmonk_ghost_happy_afterlife, minmay_misc_feat_encased, led_sif_pool
D:4:      layout_loops_ring, makhleb_grotto_becter, gup_sewer_entry_bowl,
          uniq_ijyb
D:5:      layout_cave_pools, serial_shops, shop, st_stairs_3, roderic_lattice_a,
          lightli_church_of_beogh, uniq_menkaure, uniq_edmund

Skill      XL: |  1  2  3  4  5  6  7 |
---------------+----------------------+-----
Fighting       | 4 5 |  5.0
Maces & Flails | 4 5 6 |  6.0
Armour         | 3 5 |  5.0
Dodging        | 4 |  4.3
Stealth        | |  2.1

Action                   |  1- 3 |  4- 6 |  7- 9 || total
-------------------------+-------+-------+-------++-------
Melee: Mace              |    77 |   173 |   134 ||   384
       Dire flail        |       |       |    12 ||    12
Throw: Dart              |     3 |     3 |       ||     6
Invok: Heroism           |       |     1 |     1 ||     2
 Stab: Sleeping          |     1 |       |       ||     1
  Eat: Chunk             |     1 |     6 |     3 ||    10
Armor: Ring mail         |    23 |    23 |       ||    46
       Robe              |     4 |       |       ||     4
       Plate armour      |       |   160 |   136 ||   296
Dodge: Dodged            |    64 |   130 |   104 ||   298
